| TOP OF THE 1ST |
|
Cincinnati Reds batting - Pitching for Atlanta Braves : RHP Scott Bernstein
|
|
Pitching: RHP Scott Bernstein
|
|
|
Batting: LHB Ricky Ayon
|
0-0: Called Strike 0-1: Swinging Strike 0-2: Ball 1-2: Ball 2-2: Strikes out swinging
|
|
Batting: RHB Willie Lazcano
|
0-0: Ball 1-0: Called Strike 1-1: Foul Ball, location: 2F 1-2: Ball 2-2: Strikes out swinging
|
|
Batting: LHB Chris Grunwald
|
0-0: Called Strike 0-1: Ball 1-1: Swinging Strike 1-2: Strikes out swinging
|
| Top of the 1st over - 0 runs, 0 hits, 0 errors, 0 left on base; Cincinnati 0 - Atlanta 0 |
| BOTTOM OF THE 1ST |
|
Atlanta Braves batting - Pitching for Cincinnati Reds : LHP Dave Rivera
|
|
Pitching: LHP Dave Rivera
|
|
|
Batting: RHB Yasuhide Kasahara
|
0-0: Ball 1-0: Ball 2-0: SINGLE (Line Drive, 89S, EV 109.4 MPH)
|
|
Batting: SHB Floyd-William Goof
|
0-0: Ball 1-0: SINGLE (Flyball, 8LS, EV 96.9 MPH) Yasuhide Kasahara to second
|
|
Batting: RHB Erik Coleman
|
0-0: Called Strike 0-1: Fly out, F7 (Flyball, 7S, EV 81.9 MPH)
|
|
Batting: RHB Ike Trout
|
0-0: Fly out, F8 (Flyball, 8LD, EV 102.5 MPH)
|
|
Batting: RHB Kevin Howard
|
0-0: Ball 1-0: Ball 2-0: Called Strike 2-1: Ball 3-1: Foul Ball, location: 2F 3-2: Base on Balls Yasuhide Kasahara to third Floyd-William Goof to second
|
|
Batting: RHB Shigem Kubo
|
0-0: Swinging Strike 0-1: Called Strike 0-2: TRIPLE (Flyball, 9LD, EV 89.4 MPH) Yasuhide Kasahara scores Floyd-William Goof scores Kevin Howard scores
|
|
Batting: RHB J.J. Powers
|
0-0: Called Strike 0-1: Called Strike 0-2: Foul Ball, location: 2F 0-2: Foul Ball, location: 2F 0-2: Ball 1-2: Ball 2-2: Ground out 6-3 (Groundball, 6, EV 86.2 MPH)
|
| Bottom of the 1st over - 3 runs, 3 hits, 0 errors, 1 left on base; Cincinnati 0 - Atlanta 3 |
| TOP OF THE 2ND |
|
Cincinnati Reds batting - Pitching for Atlanta Braves : RHP Scott Bernstein
|
|
Batting: SHB Dave Barefoot
|
0-0: Called Strike 0-1: Ball 1-1: Foul Ball, location: 2F 1-2: Strikes out swinging
|
|
Batting: LHB Antonio Figueroa
|
0-0: Ball 1-0: Called Strike 1-1: Ground out 6-3 (Groundball, 6, EV 106.9 MPH)
|
|
Batting: RHB Omar Quintana
|
0-0: Ball 1-0: Foul Ball, location: 2F 1-1: Fly out, F8 (Flyball, 89M, EV 79.4 MPH)
|
| Top of the 2nd over - 0 runs, 0 hits, 0 errors, 0 left on base; Cincinnati 0 - Atlanta 3 |
| BOTTOM OF THE 2ND |
|
Atlanta Braves batting - Pitching for Cincinnati Reds : LHP Dave Rivera
|
|
Batting: RHB Zheng-ze King
|
0-0: Called Strike 0-1: Ball 1-1: Foul Ball, location: 2F 1-2: Strikes out swinging
|
|
Batting: RHB Liangde Li
|
0-0: Ball 1-0: Ball 2-0: Foul Ball, location: 2F 2-1: Ground out 4-3 (Groundball, 4, EV 104.4 MPH)
|
|
Batting: RHB Yasuhide Kasahara
|
0-0: Ball 1-0: Called Strike 1-1: Ball 2-1: SINGLE (Groundball, 56S, EV 70.0 MPH) (infield hit)
|
|
Batting: SHB Floyd-William Goof
|
0-0: Called Strike Yasuhide Kasahara steals 2nd base (no throw) 0-1: Ball 1-1: Ball 2-1: Ball 3-1: Base on Balls
|
|
Batting: RHB Erik Coleman
|
0-0: Swinging Strike 0-1: Ball 1-1: Ball 2-1: Called Strike 2-2: Strikes out looking
|
| Bottom of the 2nd over - 0 runs, 1 hit, 0 errors, 2 left on base; Cincinnati 0 - Atlanta 3 |
| TOP OF THE 3RD |
|
Cincinnati Reds batting - Pitching for Atlanta Braves : RHP Scott Bernstein
|
|
Batting: SHB Saulo Maina
|
0-0: Called Strike 0-1: Ground out 4-3 (Groundball, 4, EV 85.0 MPH)
|
|
Batting: RHB Steve Castleberry
|
0-0: Ball 1-0: Foul Ball, location: 2F 1-1: Ball 2-1: Foul Ball, location: 2F 2-2: Ball 3-2: Fly out, F7 (Flyball, 78D, EV 91.2 MPH)
|
|
Batting: RHB Joseph Kirchmann
|
0-0: Ball 1-0: Ball 2-0: Called Strike 2-1: Ball 3-1: Base on Balls
|
|
Batting: LHB Ricky Ayon
|
0-0: Called Strike 0-1: Ball 1-1: Swinging Strike 1-2: Ball 2-2: Strikes out swinging
|
| Top of the 3rd over - 0 runs, 0 hits, 0 errors, 1 left on base; Cincinnati 0 - Atlanta 3 |
| BOTTOM OF THE 3RD |
|
Atlanta Braves batting - Pitching for Cincinnati Reds : LHP Dave Rivera
|
|
Batting: RHB Ike Trout
|
0-0: Ball 1-0: Called Strike 1-1: Called Strike 1-2: Strikes out swinging
|
|
Batting: RHB Kevin Howard
|
0-0: DOUBLE (Flyball, 8LXD, EV 98.1 MPH)
|
|
Batting: RHB Shigem Kubo
|
0-0: Swinging Strike 0-1: Foul Ball, location: 2F 0-2: Ball 1-2: Foul Ball, location: 2F 1-2: Strikes out looking
|
|
Batting: RHB J.J. Powers
|
0-0: Ground out 5-3 (Groundball, 56S, EV 64.4 MPH)
|
| Bottom of the 3rd over - 0 runs, 1 hit, 0 errors, 1 left on base; Cincinnati 0 - Atlanta 3 |
| TOP OF THE 4TH |
|
Cincinnati Reds batting - Pitching for Atlanta Braves : RHP Scott Bernstein
|
|
Batting: RHB Willie Lazcano
|
0-0: Ball 1-0: Called Strike 1-1: SINGLE (Line Drive, 89S, EV 101.9 MPH)
|
|
Batting: LHB Chris Grunwald
|
0-0: Ball 1-0: Called Strike 1-1: Ball 2-1: Ball 3-1: Foul Ball, location: 2F 3-2: Foul Ball, location: 2F 3-2: Foul Ball, location: 2F 3-2: Foul Ball, location: 2F 3-2: Fly out, F7 (Flyball, 7D, EV 97.5 MPH)
|
|
Batting: SHB Dave Barefoot
|
0-0: Ball 1-0: TRIPLE (Line Drive, 89XD, EV 105.0 MPH) Willie Lazcano scores
|
|
Batting: LHB Antonio Figueroa
|
0-0: Called Strike 0-1: DOUBLE (Line Drive, 7LM, EV 110.6 MPH) Dave Barefoot scores
|
|
Batting: RHB Omar Quintana
|
0-0: Ball 1-0: SINGLE (Line Drive, 8LS, EV 108.1 MPH) Antonio Figueroa to third Runner from 3rd tries for Home, SAFE, throw by CF to home
|
|
Batting: SHB Saulo Maina
|
0-0: Grounds into double play, 6-4-3 (Groundball, 6M, EV 76.2 MPH)
|
| Top of the 4th over - 3 runs, 4 hits, 0 errors, 0 left on base; Cincinnati 3 - Atlanta 3 |
| BOTTOM OF THE 4TH |
|
Atlanta Braves batting - Pitching for Cincinnati Reds : LHP Dave Rivera
|
|
Batting: RHB Zheng-ze King
|
0-0: Ball 1-0: Swinging Strike 1-1: SINGLE (Line Drive, 78S, EV 91.9 MPH)
|
|
Batting: RHB Liangde Li
|
0-0: Foul Ball, location: 2F 0-1: Ball 1-1: Foul Ball, location: 2F 1-2: Ball 2-2: Ball 3-2: Base on Balls Zheng-ze King to second
|
|
Batting: RHB Yasuhide Kasahara
|
0-0: Ball 1-0: Called Strike 1-1: Ball 2-1: SINGLE (Line Drive, 6D, EV 99.4 MPH) Zheng-ze King to third Liangde Li to second Runner from 3rd tries for Home, SAFE, throw by CF to home
|
|
Batting: SHB Floyd-William Goof
|
0-0: Ball 1-0: Foul Ball, location: 2F 1-1: Called Strike 1-2: Ball 2-2: Ball 3-2: Foul Ball, location: 2F 3-2: Foul Ball, location: 2F 3-2: Foul Ball, location: 2F 3-2: Hit by Pitch Liangde Li to third Yasuhide Kasahara to second
|
|
Batting: RHB Erik Coleman
|
0-0: Ball 1-0: Foul Ball, location: 2F 1-1: SINGLE (Flyball, 4D, EV 93.1 MPH) Liangde Li scores Yasuhide Kasahara to third Floyd-William Goof to second Runner from 3rd tries for Home, SAFE, throw by CF to home
|
|
Batting: RHB Ike Trout
|
0-0: Called Strike 0-1: Fly out, F7 (Flyball, 7, EV 95.0 MPH)
|
|
Batting: RHB Kevin Howard
|
0-0: Ball 1-0: Reached on error, E3 (Groundball, 34, EV 86.2 MPH) Floyd-William Goof to third Erik Coleman to second
|
|
Batting: RHB Shigem Kubo
|
0-0: GRAND SLAM HOME RUN (Flyball, 7D, EV 98.1 MPH), Distance : 363 ft
|
|
Pitching: RHP Constantino Chamisso
|
|
|
Batting: RHB J.J. Powers
|
0-0: Foul Ball, location: 2F 0-1: Ball 1-1: Ball 2-1: Foul Ball, location: 2F 2-2: Foul Ball, location: 2F 2-2: Ball 3-2: DOUBLE (Line Drive, 3D, EV 96.2 MPH) - OUT at third base trying to stretch hit.
|
|
Batting: RHB Zheng-ze King
|
0-0: Called Strike 0-1: Swinging Strike 0-2: Foul Ball, location: 2F 0-2: Ball 1-2: Ball 2-2: Ball 3-2: Fly out, F9 (Flyball, 9LD, EV 102.5 MPH)
|
| Bottom of the 4th over - 7 runs, 5 hits, 1 error, 0 left on base; Cincinnati 3 - Atlanta 10 |
| TOP OF THE 5TH |
|
Cincinnati Reds batting - Pitching for Atlanta Braves : RHP Scott Bernstein
|
|
Batting: RHB Steve Castleberry
|
0-0: Called Strike 0-1: Ball 1-1: Foul Ball, location: 2F 1-2: Ball 2-2: Ball 3-2: Ground out U3 (Groundball, 34, EV 102.5 MPH)
|
|
Batting: RHB Joseph Kirchmann
|
0-0: Foul Ball, location: 2F 0-1: Called Strike 0-2: Strikes out looking
|
|
Batting: LHB Ricky Ayon
|
0-0: Ball 1-0: Ball 2-0: Ball 3-0: Called Strike 3-1: Foul Ball, location: 2F 3-2: Ground out 4-3 (Groundball, 4, EV 101.9 MPH)
|
| Top of the 5th over - 0 runs, 0 hits, 0 errors, 0 left on base; Cincinnati 3 - Atlanta 10 |
| BOTTOM OF THE 5TH |
|
Atlanta Braves batting - Pitching for Cincinnati Reds : RHP Constantino Chamisso
|
|
Batting: RHB Liangde Li
|
0-0: Foul Ball, location: 2F 0-1: Foul Ball, location: 2F 0-2: Ball 1-2: Foul Ball, location: 2F 1-2: Ball 2-2: Ball 3-2: Base on Balls
|
|
Batting: RHB Yasuhide Kasahara
|
0-0: Called Strike 0-1: Ball 1-1: Swinging Strike 1-2: Fielders Choice at 2nd, 4-6 (Groundball, 4, EV 85.0 MPH)
|
|
Batting: SHB Floyd-William Goof
|
0-0: Fly out, F7 (Line Drive, 7D, EV 86.9 MPH)
|
|
Batting: RHB Erik Coleman
|
0-0: Ground out 3-1 (Groundball, 34, EV 82.5 MPH)
|
| Bottom of the 5th over - 0 runs, 0 hits, 0 errors, 1 left on base; Cincinnati 3 - Atlanta 10 |
| TOP OF THE 6TH |
|
Cincinnati Reds batting - Pitching for Atlanta Braves : RHP Scott Bernstein
|
|
Batting: RHB Willie Lazcano
|
0-0: Foul Ball, location: 2F 0-1: Swinging Strike 0-2: Ball 1-2: Ball 2-2: Ball 3-2: Foul Ball, location: 2F 3-2: Fly out, F9 (Line Drive, 9LM, EV 91.9 MPH)
|
|
Batting: LHB Chris Grunwald
|
0-0: Ball 1-0: Called Strike 1-1: Ball 2-1: Ball 3-1: Base on Balls
|
|
Batting: SHB Dave Barefoot
|
0-0: Swinging Strike 0-1: Foul Ball, location: 2F 0-2: Ball 1-2: Strikes out looking
|
|
Batting: LHB Antonio Figueroa
|
0-0: Ground out U3 (Groundball, 3, EV 79.4 MPH)
|
| Top of the 6th over - 0 runs, 0 hits, 0 errors, 1 left on base; Cincinnati 3 - Atlanta 10 |
| BOTTOM OF THE 6TH |
|
Atlanta Braves batting - Pitching for Cincinnati Reds : RHP Constantino Chamisso
|
|
Batting: RHB Ike Trout
|
0-0: Called Strike 0-1: Ground out 5-3 (Groundball, 56, EV 105.0 MPH)
|
|
Batting: RHB Kevin Howard
|
0-0: Called Strike 0-1: Foul Ball, location: 2F 0-2: Ball 1-2: Strikes out swinging
|
|
Batting: RHB Shigem Kubo
|
0-0: Ground out 6-3 (Groundball, 6, EV 100.0 MPH)
|
| Bottom of the 6th over - 0 runs, 0 hits, 0 errors, 0 left on base; Cincinnati 3 - Atlanta 10 |
| TOP OF THE 7TH |
|
Cincinnati Reds batting - Pitching for Atlanta Braves : RHP Scott Bernstein
|
|
Batting: RHB Omar Quintana
|
0-0: Ball 1-0: Ball 2-0: Called Strike 2-1: Fly out, F3 (Popup, 3F, EV 79.4 MPH)
|
|
Batting: SHB Saulo Maina
|
0-0: Swinging Strike 0-1: Ball 1-1: Foul Ball, location: 2F 1-2: Ball 2-2: Foul Ball, location: 2F 2-2: Foul Ball, location: 2F 2-2: Foul Ball, location: 2F 2-2: Ball 3-2: Foul Ball, location: 2F 3-2: Base on Balls
|
|
Pitching: RHP Alard Kraaijeveld
|
|
|
Pinch Hitting: RHB Fred Slade
|
0-0: Called Strike 0-1: Ball 1-1: SINGLE (Groundball, 4MD, EV 95.6 MPH) Saulo Maina to second
|
|
Batting: RHB Joseph Kirchmann
|
0-0: Called Strike 0-1: Swinging Strike 0-2: Ball 1-2: Fly out, F8 (Flyball, 8RXD, EV 103.8 MPH)
|
|
Batting: LHB Ricky Ayon
|
0-0: Ball 1-0: Ball 2-0: Ground out 4-3 (Groundball, 4, EV 96.2 MPH)
|
| Top of the 7th over - 0 runs, 1 hit, 0 errors, 2 left on base; Cincinnati 3 - Atlanta 10 |
| BOTTOM OF THE 7TH |
|
Atlanta Braves batting - Pitching for Cincinnati Reds : RHP Constantino Chamisso
|
|
Now in LF: Fred Slade
|
|
|
Now in RF: Ricky Ayon
|
|
|
Batting: RHB J.J. Powers
|
0-0: Ball 1-0: Ball 2-0: Called Strike 2-1: Ball 3-1: Base on Balls
|
|
Batting: RHB Zheng-ze King
|
0-0: Swinging Strike 0-1: Called Strike J.J. Powers steals 2nd base 0-2: Ball 1-2: Ground out 5-3 (Groundball, 56S, EV 73.1 MPH) J.J. Powers to third
|
|
Batting: RHB Liangde Li
|
0-0: Ball 1-0: Called Strike 1-1: SINGLE (Line Drive, 56, EV 98.8 MPH) J.J. Powers scores
|
|
Batting: RHB Yasuhide Kasahara
|
0-0: Called Strike 0-1: SINGLE (Groundball, 56S, EV 74.4 MPH) (infield hit) Liangde Li to second
|
|
Batting: SHB Floyd-William Goof
|
0-0: Foul Ball, location: 2F 0-1: Ball 1-1: Called Strike 1-2: Fly out, F8 (Flyball, 8LM, EV 95.6 MPH)
|
|
Batting: RHB Erik Coleman
|
0-0: Ball 1-0: Ball 2-0: Called Strike 2-1: Called Strike 2-2: Ball 3-2: Fly out, F8 (Flyball, 8RD, EV 106.2 MPH)
|
| Bottom of the 7th over - 1 run, 2 hits, 0 errors, 2 left on base; Cincinnati 3 - Atlanta 11 |
| TOP OF THE 8TH |
|
Cincinnati Reds batting - Pitching for Atlanta Braves : RHP Alard Kraaijeveld
|
|
Batting: RHB Willie Lazcano
|
0-0: Called Strike 0-1: Ball 1-1: Ground out 4-3 (Groundball, 4S, EV 81.9 MPH)
|
|
Batting: LHB Chris Grunwald
|
0-0: Ball 1-0: Foul Ball, location: 2F 1-1: Ball 2-1: Ground out 5-3 (Groundball, 56S, EV 88.8 MPH)
|
|
Batting: SHB Dave Barefoot
|
0-0: Ball 1-0: Ball 2-0: Ball 3-0: Base on Balls
|
|
Batting: LHB Antonio Figueroa
|
0-0: Ground out 4-3 (Groundball, 13, EV 88.8 MPH)
|
| Top of the 8th over - 0 runs, 0 hits, 0 errors, 1 left on base; Cincinnati 3 - Atlanta 11 |
| BOTTOM OF THE 8TH |
|
Atlanta Braves batting - Pitching for Cincinnati Reds : RHP Constantino Chamisso
|
|
Batting: RHB Ike Trout
|
0-0: Ball 1-0: Ball 2-0: Foul Ball, location: 2F 2-1: Foul Ball, location: 2F 2-2: Foul Ball, location: 2F 2-2: Ball 3-2: Fly out, F8 (Flyball, 78D, EV 90.0 MPH)
|
|
Batting: RHB Kevin Howard
|
0-0: Ball 1-0: Called Strike 1-1: Ball 2-1: Foul Ball, location: 2F 2-2: DOUBLE (Line Drive, 9LS, EV 105.0 MPH)
|
|
Pitching: LHP Marco Berrios
|
|
|
Batting: RHB Shigem Kubo
|
0-0: Ball 1-0: Foul Ball, location: 2F 1-1: Ball 2-1: Called Strike 2-2: Foul Ball, location: 2F 2-2: Foul Ball, location: 2F 2-2: SINGLE (Groundball, 6D, EV 105.6 MPH) Kevin Howard to third
|
|
Batting: RHB J.J. Powers
|
0-0: Ball 1-0: Called Strike 1-1: Foul Ball, location: 2F 1-2: Ball 2-2: Foul Ball, location: 2F 2-2: Strikes out looking
|
|
Batting: RHB Zheng-ze King
|
0-0: Called Strike 0-1: Foul Ball, location: 2F 0-2: Fly out, F8 (Flyball, 8LM, EV 91.9 MPH)
|
| Bottom of the 8th over - 0 runs, 2 hits, 0 errors, 2 left on base; Cincinnati 3 - Atlanta 11 |
| TOP OF THE 9TH |
|
Cincinnati Reds batting - Pitching for Atlanta Braves : RHP Alard Kraaijeveld
|
|
Batting: RHB Omar Quintana
|
0-0: Ball 1-0: Ground out 4-3 (Groundball, 4, EV 78.8 MPH)
|
|
Batting: SHB Saulo Maina
|
0-0: Called Strike 0-1: Fly out, F7 (Flyball, 7, EV 91.9 MPH)
|
|
Batting: RHB Fred Slade
|
0-0: Ball 1-0: Called Strike 1-1: SINGLE (Line Drive, 6D, EV 96.9 MPH)
|
|
Batting: RHB Joseph Kirchmann
|
0-0: Foul Ball, location: 2F 0-1: SINGLE (Flyball, 6MD, EV 89.4 MPH) Fred Slade to second
|
|
Batting: LHB Ricky Ayon
|
0-0: Called Strike 0-1: Foul Ball, location: 2F 0-2: SINGLE (Groundball, 34S, EV 70.0 MPH) (infield hit) Fred Slade to third Joseph Kirchmann to second
|
|
Batting: RHB Willie Lazcano
|
0-0: Ball 1-0: Foul Ball, location: 2F 1-1: Ball 2-1: Called Strike 2-2: Ball 3-2: SINGLE (Line Drive, 78M, EV 93.1 MPH) Fred Slade scores Joseph Kirchmann to third Ricky Ayon to second Joseph Kirchmann scores Ricky Ayon to third
|
|
Batting: LHB Chris Grunwald
|
0-0: Ball 1-0: Ball 2-0: Ball 3-0: Called Strike 3-1: Foul Ball, location: 2F 3-2: Base on Balls Willie Lazcano to second
|
|
Pitching: LHP Gil Longoria
|
|
|
Batting: SHB Dave Barefoot
|
0-0: Called Strike 0-1: Foul Ball, location: 2F 0-2: SINGLE (Line Drive, 4MD, EV 96.2 MPH) Ricky Ayon scores Willie Lazcano to third Chris Grunwald to second
|
|
Batting: RHB Tony Casas
|
0-0: Ground out 4-3 (Groundball, 4, EV 85.0 MPH)
|
| Top of the 9th over - 3 runs, 5 hits, 0 errors, 3 left on base; Cincinnati 6 - Atlanta 11 |
|